AoeStats
← 凉拌皮蛋

QS Arena

503135576Analyzed
4v4 RM · 1mo ago on Aug 30, 2026· 39m 20s· 8 players
Game mode
Random Map
Map size
Large (8 player)
Population
200
Speed
Normal
Resources
Standard
Victory
Conquest
Starting age
Dark Age
Ending age
Imperial Age
RankedLock teamsTeams togetherTeam positionsShared explorationLock speedFull tech treeHidden civsTurbo modeCheats
Victory
Defeat
🇨🇳 Turks · China
1516
+14
🇨🇳 Romans · China
1464
+17
🇯🇵 Khitans · Japan
1464
+17
🇨🇳 Italians · China
1359
+21
🇨🇳 Hindustanis · China
1502
-18
🇩🇰 Teutons · Denmark
1497
-18
🇬🇧 Slavs · United Kingdom
1478
-17
🇨🇿 Bohemians · Czechia
1456
-16
Aligmaster
7:51 Feudal Age
11:40 Castle Age
10:24 Double-Bit Axe
10:22 Horse Collar
20:31 Wheelbarrow
20:26 Bow Saw
22:20 Hand Cart
22:23 Heavy Plow
24:19 Gold Mining
24:20 Stone Mining
27:46 Imperial Age
25:41 Scale Mail Armor
25:51 Forging
26:11 Man-at-Arms
26:52 Squires
27:08 Chain Mail Armor
27:57 Iron Casting
26:58 Long Swordsman
27:34 Loom
28:19 Masonry
28:28 Druzhina
27:54 Two-Handed Swordsman
29:07 Champion
30:03 Onager
30:53 Onager
32:23 Plate Mail Armor
32:54 Blast Furnace
31:45 Onager
34:55 Pikeman
35:19 Siege Onager
37:01 Chemistry
36:35 Siege Engineers
37:11 Pikeman
3409853472
3:38 Loom
6:24 Feudal Age
7:11 Town Watch
13:15 Double-Bit Axe
13:11 Horse Collar
14:24 Fletching
23:30 Castle Age
22:33 Gold Mining
24:36 Bow Saw
26:16 Heavy Plow
27:03 Fervor
27:20 Sanctity
27:49 Redemption
31:28 Wheelbarrow
36:14 Imperial Age
35:42 Forging
35:33 Scale Mail Armor
37:21 Crenellations
36:59 Bodkin Arrow
37:43 Masonry
37:06 Onager
38:36 Hoardings
38:42 Capped Ram
38:49 Siege Onager
paran
7:30 Feudal Age
11:14 Castle Age
9:30 Double-Bit Axe
10:43 Horse Collar
15:41 Fervor
21:09 Wheelbarrow
20:51 Bow Saw
20:42 Heavy Plow
24:49 Hand Cart
25:33 Fortified Wall
27:56 Imperial Age
27:34 Chemistry
26:45 Masonry
26:49 Loom
33:13 Chemistry
33:11 Padded Archer Armor
33:33 Fletching
35:31 Conscription
35:17 Bodkin Arrow
凉拌皮蛋
8:33 Feudal Age
9:08 Town Watch
12:19 Castle Age
12:10 Double-Bit Axe
12:06 Horse Collar
18:11 Wheelbarrow
18:55 Gold Mining
19:17 Bow Saw
19:55 Heavy Plow
20:38 Stone Mining
21:42 Hand Cart
22:54 Stone Shaft Mining
22:54 Gold Shaft Mining
24:10 Loom
27:35 Imperial Age
25:44 Bloodlines
25:34 Husbandry
25:41 Scale Barding Armor
25:46 Forging
26:56 Chain Barding Armor
28:41 Iron Casting
29:16 Chemistry
28:54 Plate Barding Armor
27:40 Heavy Camel Rider
28:22 Grand Trunk Road
29:16 Conscription
30:52 Blast Furnace
30:05 Light Cavalry
30:11 Imperial Camel Rider
32:42 Two-Man Saw
32:34 Fletching
33:05 Murder Holes
33:02 Hussar
38:18 Siege Engineers
桐原冬子
8:52 Feudal Age
10:23 Double-Bit Axe
13:03 Castle Age
10:57 Domestication
14:02 Bow Saw
13:55 Pastoralism
19:02 Bow Saw
20:26 Loom
22:45 Wheelbarrow
28:29 Imperial Age
27:03 Hand Cart
27:10 Scale Barding Armor
27:08 Scale Mail Armor
27:18 Forging
27:05 Stone Mining
26:51 Man-at-Arms
28:20 Chain Mail Armor
27:52 Pikeman
27:52 Long Swordsman
28:23 Gambesons
28:39 Squires
28:24 Arson
28:59 Gold Mining
29:25 Husbandry
29:51 Conscription
29:38 Lamellar Armor
28:55 Two-Handed Swordsman
30:51 Chemistry
31:08 Plate Mail Armor
30:38 Champion
32:33 Guilds
32:41 Elite Liao Dao
34:27 Scale Barding Armor
35:04 Iron Casting
35:34 Ordo Cavalry
36:47 Siege Engineers
37:05 Scale Barding Armor
38:34 Capped Ram
39:55 Chain Barding Armor
39:26 Fletching
垃圾小士兵
3:56 Loom
11:24 Feudal Age
12:00 Feudal Age
16:05 Castle Age
14:12 Double-Bit Axe
14:33 Horse Collar
26:49 Wheelbarrow
27:12 Town Watch
28:35 Gold Mining
29:40 Stone Mining
36:02 Imperial Age
34:01 Ballistics
33:55 Heavy Plow
34:29 Bow Saw
36:05 Town Patrol
36:25 Hand Cart
37:05 Conscription
36:57 Pirotechnia
37:51 Chemistry
37:23 Padded Archer Armor
37:14 Fletching
38:51 Stone Shaft Mining
38:47 Leather Archer Armor
38:29 Bodkin Arrow
39:27 Masonry
38:58 Treadmill Crane
40:04 Ring Archer Armor
39:39 Bracer
李清然
7:55 Feudal Age
11:49 Castle Age
9:47 Double-Bit Axe
9:50 Horse Collar
11:26 Loom
12:24 Town Watch
17:39 Wheelbarrow
18:46 Bow Saw
24:15 Imperial Age
21:55 Gold Mining
22:10 Scale Mail Armor
23:27 Chain Mail Armor
23:41 Squires
24:20 Capped Ram
25:15 Forging
26:30 Heavy Plow
28:13 Man-at-Arms
29:32 Iron Casting
28:58 Long Swordsman
30:15 Siege Engineers
30:41 Ballistics
31:46 Coinage
31:09 Legionary
31:50 Heavy Scorpion
33:57 Chemistry
35:36 Blast Furnace
35:30 Gold Shaft Mining
35:32 Ballistas
35:48 Conscription
36:44 Block Printing
36:40 Redemption
36:06 Siege Ram
37:21 Illumination
37:51 Caravan
38:28 Fervor
Cusi Yupanqui
8:53 Feudal Age
9:38 Double-Bit Axe
12:30 Castle Age
10:13 Horse Collar
13:25 Bow Saw
13:20 Heavy Plow
14:21 Wheelbarrow
19:43 Gold Mining
20:07 Stone Mining
22:13 Gold Shaft Mining
22:47 Hand Cart
22:18 Loom
26:51 Imperial Age
24:24 Town Watch
25:24 Padded Archer Armor
26:56 Leather Archer Armor
26:56 Treadmill Crane
28:01 Conscription
28:13 Ring Archer Armor
28:44 Two-Man Saw
27:27 Elite Janissary
29:26 Fletching
30:27 Bombard Tower
31:19 Hoardings
31:05 Artillery
31:14 Bodkin Arrow
32:33 Bracer
32:20 Sappers
33:04 Guilds
35:52 Masonry
36:03 Ballistics
35:39 Murder Holes
40:14 Architecture
Connection lost

Rejoining the realm…

Still unreachable

The connection could not be restored.

Session expired

The server has moved on; the page needs a fresh start.